 Dungeon Crawl Stone Soup version 0.31.0-32-g396128a36d (webtiles) character file.

Game seed: 12139915757728594965

189023 James the Marksdraconian (level 17, -4/151 HPs)
             Began as a Purple Draconian Hexslinger on Mar 16, 2024.
             Was the Champion of Fedhas.
             Killed by divine providence
             ... invoked by Saint Roka
              (17 damage)
             ... on level 2 of the Vaults.
             The game lasted 02:39:32 (38488 turns).

James the Marksdraconian (DrHs)                    Turns: 38488, Time: 02:39:33

Health: -4/151     AC: 18    Str: 15    XL:     17   Next: 49%
Magic:  25/27      EV: 23    Int: 15    God:    Fedhas [******]
Gold:   1106       SH:  2    Dex: 22    Spells: 3/30 levels left

rFire   . . .        a - +5 arbalest (freeze)
rCold   . . .        (shield currently unavailable)
rNeg    . . .        (body armour unavailable)
rPois   +            (helmet restricted)
rElec   .            I - +2 cloak {Will+}
rCorr   .            q - +2 pair of gloves
SInv    +            U - +0 pair of boots of Muttered Phrases {*Corrode rPois Regen+ SInv}
Will    +++..        z - amulet of the acrobat
Stlth   ++           R - ring "Teash" {Str+4 Dex+2 Slay+4}
HPRegen 1.25/turn    Q - ring of the Octopus King {Wiz HP+2 AC+2 EV+2 SH+2}
MPRegen 0.20/turn

%: corrode self (3%), acrobat, wizardry (x1)
@: portalling projectiles, studying Necromancy
A: breathe power, AC +9, unfitting armour, cold-blooded
}: 1/15 runes: decaying
a: Breathe Dispelling Energy, Renounce Religion, Wall of Briars, Grow
Ballistomycete, Overgrow, Grow Oklob


You were on level 2 of the Vaults.
You worshipped Fedhas.
Fedhas was exalted by your worship.
You visited 7 branches of the dungeon, and saw 30 of its levels.
You also visited: Ossuary, Bailey and Volcano.

You collected 3663 gold pieces.
You spent 2557 gold pieces at shops.

Inventory:

Hand Weapons
 a - a +5 arbalest of freezing (weapon)
   (You found it on level 5 of the Lair of Beasts)
 b - a +0 heavy orcbow
   (You took it off a centaur on level 9 of the Dungeon)
 j - a +2 longbow of flaming
   (You took it off Nessos on level 14 of the Dungeon)
 n - the +4 trident of the Breathing Oracle {heavy, rElec Str+4 Int+2 Dex+2}
   (You found it on level 15 of the Dungeon)

   Str+4:     It affects your strength (+4).
   Int+2:     It affects your intelligence (+2).
   Dex+2:     It affects your dexterity (+2).
   rElec:     It insulates you from electricity.
 E - a +0 quarterstaff of freezing
   (You took it off Fannar on level 12 of the Dungeon)
 N - a +0 lajatang
   (You found it on level 8 of the Dungeon)
 V - the +5 trident "Arbiter" {holy, Dex+3}
   (You found it on level 5 of the Lair of Beasts)

   Dex+3:     It affects your dexterity (+3).
 Z - a +5 scimitar of flaming
   (You took it off Frances on level 2 of the Lair of Beasts)
Missiles
 H - 3 curare-tipped darts {!f}
 P - a throwing net {!f}
Armour
 q - a +2 pair of gloves (worn)
   (You found it on level 13 of the Dungeon)
 I - a +2 cloak of willpower (worn)
   (You took it off Crazy Yiuf on level 2 of the Dungeon)
 U - the +0 pair of boots of Muttered Phrases (worn) {*Corrode rPois Regen+ SInv}
   (You found it on level 13 of the Dungeon)

   rPois:     It protects you from poison SInv: It lets you see invisible.
   Regen+:    It increases your rate of health regeneration.
   *Corrode:  It may corrode you when you take damage.
Jewellery
 i - a ring of protection from fire
   (You found it on level 13 of the Dungeon)
 o - a ring of protection from cold
   (You found it on level 6 of the Dungeon)
 p - a +6 ring of dexterity
   (You found it on level 3 of the Dungeon)
 v - a ring of willpower
   (You found it on level 5 of the Dungeon)
 z - an amulet of the acrobat (around neck)
   (You bought it in a shop on level 1 of the Orcish Mines)
 L - a ring of resist corrosion
   (You found it on level 8 of the Dungeon)
 Q - a ring of the Octopus King (right hand) {Wiz HP+2 AC+2 EV+2 SH+2}
   (You found it on level 5 of the Lair of Beasts)

   [ring of wizardry]

   Wiz:       It improves your spell success rate.
   AC+2:      It affects your AC (+2).
   EV+2:      It affects your evasion (+2).
   HP+2:      It affects your health (+2).
   SH+2:      It affects your SH (+2).
 R - the ring "Teash" (left hand) {Str+4 Dex+2 Slay+4}
   (You bought it in a shop on level 1 of the Orcish Mines)

   [ring of slaying]

   Str+4:     It affects your strength (+4).
   Dex+2:     It affects your dexterity (+2).
   Slay+4:    It affects your accuracy & damage with ranged weapons and melee
   (+4).
 T - a ring of positive energy
   (You found it on level 5 of the Lair of Beasts)
Wands
 d - a wand of iceblast (19)
   (You found it on level 5 of the Dungeon)
 k - a wand of light (16)
   (You found it on level 5 of the Lair of Beasts)
 O - a wand of mindburst (29)
   (You found it on level 8 of the Dungeon)
 S - a wand of charming (19)
   (You found it on level 6 of the Dungeon)
 X - a wand of polymorph (21)
   (You found it on level 7 of the Dungeon)
Scrolls
 f - 3 scrolls of silence
 s - 6 scrolls of teleportation {@r4}
 t - 4 scrolls of revelation
 x - a scroll of blinking
 A - 5 scrolls of enchant armour
 B - 5 scrolls of amnesia
 D - 5 scrolls of vulnerability {!r}
 G - 5 scrolls of fog
 K - 3 scrolls of fear
 M - a scroll of identify {@r1}
 W - 7 scrolls of immolation {!r}
Potions
 c - 2 potions of berserk rage
 e - 4 potions of lignification {!q}
 g - 5 potions of brilliance
 h - a potion of resistance
 l - 7 potions of curing {@q1}
 m - a potion of enlightenment
 r - 6 potions of magic
 u - a potion of mutation {!q}
 w - 3 potions of heal wounds {@q2}
 y - 8 potions of might
 C - 4 potions of haste {@q3}
 F - 2 potions of ambrosia
 J - 3 potions of invisibility
 Y - 6 potions of cancellation


   Skills:
 + Level 13.1 Fighting
 - Level 18.0 Ranged Weapons
 + Level 11.0 Dodging
 - Level 7.0 Spellcasting
 + Level 13.1 Hexes
 * Level 10.1 Translocations
 - Level 2.0 Fire Magic
 + Level 13.1 Invocations


You had 3 spell levels left.
You knew the following spells:

 Your Spells              Type           Power      Damage    Failure   Level
a - Jinxbite              Hex            88%        N/A       1%          2
b - Sigil of Binding      Hex            44%        N/A       1%          3
c - Inner Flame           Hex/Fire       27%        N/A       1%          3
d - Dimensional Bullseye  Hex/Tloc       20%        N/A       1%          4
e - Teleport Other        Tloc           35%        N/A       1%          3
f - Cause Fear            Hex            22%        N/A       1%          4
g - Blink                 Tloc           70%        N/A       1%          2
h - Dispersal             Tloc           17%        N/A       13%         6

Your spell library contained the following spells:

 Spells                   Type           Power      Damage    Failure   Level
 Apportation              Tloc           70%        N/A       1%          1
 Ensorcelled Hibernation  Hex/Ice        48%        N/A       1%          2
 Lesser Beckoning         Tloc           70%        N/A       1%          2
 Momentum Strike          Conj/Tloc      40%        3d9       1%          2
 Gell's Gravitas          Tloc           35%        N/A       1%          3
 Tukima's Dance           Hex            44%        N/A       1%          3
 Freeze                   Ice            20%        1d4       5%          1
 Necrotise                Necr           20%        1d5       5%          1
 Sting                    Conj/Alch      20%        1d4       5%          1
 Summon Small Mammal      Summ           20%        N/A       5%          1
 Mercury Vapours          Alch/Air       10%        N/A       9%          2
 Call Canine Familiar     Summ           5%         N/A       16%         3
 Frozen Ramparts          Ice            10%        1d2       16%         3
 Fugue of the Fallen      Necr           5%         N/A       16%         3
 Hailstorm                Conj/Ice       5%         3d5       16%         3
 Mephitic Cloud           Conj/Alch/Air  5%         N/A       16%         3
 Summon Ice Beast         Ice/Summ       5%         N/A       16%         3
 Anguish                  Hex/Necr       12%        N/A       3%          4
 Iskenderun's Mystic Bla  Conj/Tloc      20%        2d6       7%          4
 Summon Mana Viper        Hex/Summ       24%        N/A       11%         5
 Sticky Flame             Fire/Alch      8%         2d4       32%         4
 Summon Blazeheart Golem  Fire/Summ      8%         N/A       32%         4
 Animate Dead             Necr           5%         N/A       45%         4
 Borgnjor's Vile Clutch   Necr/Erth      2%         N/A       78%         5
 Freezing Cloud           Conj/Ice/Air   2%         6-21      78%         5
 Discord                  Hex            22%        N/A       82%         8
 Disjunction              Tloc           17%        N/A       99%         8
 Conjure Ball Lightning   Conj/Air       2%         3x3d6     100%        6
 Death Channel            Necr           2%         N/A       100%        6
 Sculpt Simulacrum        Ice/Alch       2%         N/A       100%        6
 Haunt                    Necr/Summ      2%         N/A       100%        7
 Monstrous Menagerie      Summ           2%         N/A       100%        7
 Borgnjor's Revivificati  Necr           2%         N/A       100%        8
 Death's Door             Necr           2%         N/A       100%        9
 Fire Storm               Conj/Fire      4%         8d1       100%        9


Dungeon Overview and Level Annotations

Branches:
Dungeon (15/15)            Temple (1/1) D:5            Lair (5/5) D:11
  Swamp (4/4) Lair:2       Spider (1/4) Lair:2        Slime (0/5) Lair:4
    Orc (2/2) D:12            Elf (0/3) Orc:2        Vaults (2/5) D:14
 Depths (0/4) D:15        Ossuary (visited)          Bailey (visited)
Volcano (visited)
  Crypt: Vaults:2-3

Altars:
Ashenzari
Cheibriados
Dithmenos
Elyvilon
Fedhas
Gozag
Hepliaklqana
Kikubaaqudgha
Makhleb
Nemelex Xobeh
Okawaru
Qazlal
Ru
Sif Muna
Trog
Uskayaw
Vehumet
Wu Jian
Xom
Yredelemnul
Zin
The Shining One
Jiyva

Shops:
D:7 [[([   D:15 *   Orc:1 !?(=(   Orc:2 ([[:

Portals:
Abyss: D:5

Annotations:
Lair:3 nitefall's ghost, journeyman TrFi
Vaults:2 Saint Roka


Innate Abilities, Weirdness & Mutations

You can breathe bolts of dispelling energy.
Your rich purple scales are hard. (AC +9)
You cannot fit into any form of body armour.
You are cold-blooded and may be slowed by cold attacks.


Message History

The bolt freezes the orc knight.
Your projectile teleports!
The bolt hits Saint Roka!!
The bolt freezes Saint Roka.
The orc sorcerer gestures wildly while chanting.
You shoot a bolt. The bolt barely misses the orc knight.
The bolt barely misses the orc high priest.
Your projectile teleports!
The bolt hits Saint Roka!!
The bolt freezes Saint Roka!
The orc knight completely misses you.
The orc sorcerer mumbles some strange words.
The orc high priest invokes the aid of Beogh against you.
Beogh smites you!
The orc high priest invokes the aid of Beogh against you.
Beogh smites you!
You shoot a bolt. The bolt hits the ufetubus!!
You kill the ufetubus!
The ufetubus disappears in a puff of smoke!
Your projectile teleports!
The bolt hits Saint Roka!
The bolt freezes Saint Roka.
The ufetubus slips past you! You block the ufetubus's attack.
The ufetubus completely misses you.
You shoot a bolt. The bolt hits the ufetubus.
The bolt freezes the ufetubus.
Your projectile teleports!
The bolt hits Saint Roka but does no damage.
The ufetubus hits you but does no damage.
The ufetubus completely misses you.
The orc high priest prays to Beogh.
You shoot a bolt. The bolt completely misses Saint Roka.
The ufetubus misses you. The ufetubus completely misses you. x2
The ufetubus closely misses you. Saint Roka barely misses you.
The orc knight hits you with a +3 great sword of protection!
You shoot a bolt. The bolt hits Saint Roka!!
The bolt freezes Saint Roka!
The ufetubus closely misses you. The ufetubus misses you.
The ynoxinul gestures.
The orc knight hits you with a +3 great sword of protection!!
* * * LOW HITPOINT WARNING * * *
Saint Roka completely misses you.
You shoot a bolt. The bolt hits Saint Roka!
The bolt freezes Saint Roka.
The ufetubus barely misses you. The ufetubus misses you.
The ufetubus hits you but does no damage.
The ufetubus misses you.
The ynoxinul gestures.
The orc high priest invokes the aid of Beogh against you.
Beogh smites you!
* * * LOW HITPOINT WARNING * * *
The orc knight hits you with a +3 great sword of protection!!
* * * LOW HITPOINT WARNING * * *
The orc sorcerer casts a spell.
Saint Roka mumbles some strange prayers to Beogh against you.
Beogh smites you!
You die...
Saint Roka roars, "Praise to Beogh!"
Fedhas appreciates your contribution to the ecosystem.

###..##.!###
#..........#
#...<†.....#
###..##..###
###..##..###
#..........#
#.......>..#
###5.##..###
#@o##..#
#o######
......553..o.4.
......53o5..o3.
......55oo4....
...........?...
..........4....
###############


You could see Saint Roka (strong, bullseye target), 2 orc knights, an orc high
priest (strong), 2 rust devils, a smoke demon (summoned), a ynoxinul (summoned),
an orc sorcerer (strong) and 7 ufetubi.

Vanquished Creatures
  the Lernaean hydra (Swamp:4)
  Rupert (D:14)
  Jorgrun (Orc:2)
  Frances (Lair:2)
  A fenstrider witch (Swamp:4)
  2 vault wardens (Vaults:1)
  A ghost moth (Lair:1)
  3 ironbound preservers (Vaults:1)
  An orc warlord (Orc:1)
  6 bunyips
  Nessos (D:14)
  2 eleionomae
  2 fire dragons
  Snorg (D:12)
  4 yaktaur captains (Vaults:1)
  Josephine (D:14)
  Fannar (D:12)
  A merfolk avatar (Lair:5)
  A great orb of eyes (Vaults:1)
  16 hydras
  A catoblepas (D:15)
  4 ghost crabs
  A centaur warrior (D:15)
  An ice dragon (D:15)
  19 alligators
  3 ironbound frosthearts
  4 boulder beetles
  3 two-headed ogres
  9 death yaks
  4 spriggans
  5 orc high priests (Orc:2)
  Sonja (Lair:2)
  3 skysharks
  Lodul (D:13)
  A sea snake (Lair:5)
  A death drake (Swamp:4)
  Amaemon (D:10)
  3 goliath frogs
  A pharaoh ant (Lair:2)
  4 spriggan druids
  10 swamp dragons
  12 deep trolls (Vaults:1)
  A bog body (Swamp:2)
  4 arcanists
  7 ironbound convokers (Vaults:1)
  7 lindwurms
  A harpy (Lair:5)
  2 wolf spiders (Lair:2)
  A steelbarb worm (Lair:2)
  3 orc knights
  2 deep elf pyromancers
  6 ugly things
  An orc sorcerer (Orc:2)
  5 manticores
  An elephant (Lair:4)
  2 cyclopes
  7 vault sentinels
  2 kobold blastminers (Orc:2)
  10 cane toads
  2 smoke demons (Volcano)
  4 black mambas
  An orange demon (D:10)
  2 molten gargoyles (D:12)
  2 torpor snails
  2 unseen horrors (D:12)
  11 rime drakes
  The ghost of zxspectator the Trooper, a novice GrFi of Gozag (D:5)
  4 yaktaurs
  6 komodo dragons
  7 hornets
  3 polar bears
  A bloated husk (Swamp:2)
  7 tyrant leeches
  6 trolls
  3 wind drakes (Lair:5)
  28 blink frogs
  14 dream sheep
  2 snapping turtles (Lair:5)
  A culicivora (Lair:2)
  18 slime creatures
  75 yaks
  13 wyverns
  16 humans (D:14)
  5 wraiths (D:14)
  12 basilisks
  2 shadows
  27 vampire mosquitoes
  8 steam dragons
  6 redbacks (Lair:2)
  2 wargs
  11 swamp worms
  2 acid dragons
  Edmund (D:4)
  16 water moccasins
  A hell hound (Volcano)
  10 swamp drakes
  40 orc warriors
  An ice beast (D:6)
  15 ogres
  4 wolves
  5 centaurs
  2 phantoms
  A kobold brigand (D:10)
  2 elf zombies (Ossuary)
  A gnoll sergeant (D:10)
  4 bullfrogs
  5 scorpions
  2 burial acolytes (Ossuary)
  A hornet simulacrum (D:11)
  13 wights
  5 killer bees (D:11)
  5 howler monkeys
  A bombardier beetle (D:5)
  5 lava snakes (D:12)
  5 hounds
  2 iron imps (D:5)
  A human zombie (Ossuary)
  26 orc priests
  2 gnoll boudas
  An iguana (D:7)
  A jelly (D:7)
  Crazy Yiuf (D:2)
  2 sleepcaps (D:5)
  Jessica (D:2)
  18 orc wizards
  Natasha (thrice) (D:2)
  5 hell rats (Lair:4)
  3 mummies
  18 gnolls
  8 adders
  2 shadow imps
  4 white imps
  8 ufetubi
  2 ribbon worms
  5 dart slugs
  102 orcs
  9 ball pythons
  7 bats
  12 endoplasms
  4 giant cockroaches
  10 hobgoblins
  2 quokkas
  2 frilled lizards
  9 goblins
  10 kobolds
  A kobold zombie (Ossuary)
  An orc zombie (Ossuary)
  9 rats
942 creatures vanquished.

Vanquished Creatures (collateral kills)
  3 hydras (Swamp:4)
  A spriggan (Swamp:4)
  A swamp dragon (Swamp:4)
  A hornet (Swamp:4)
  A swamp drake (Swamp:4)
7 creatures vanquished.

Vanquished Creatures (others)
  A thorn hunter (Swamp:2)
  An alligator (Swamp:2)
  A rime drake (Lair:5)
  2 bloated husks
  A vampire mosquito (Swamp:2)
  An orc (D:9)
7 creatures vanquished.

Grand Total: 956 creatures vanquished

Notes
Turn   | Place    | Note
-------+----------+-------------------------------------------
     0 | D:1      | James the Draconian Hexslinger began the quest for the Orb.
     0 | D:1      | Reached XP level 1. HP: 16/16 MP: 2/2
    72 | D:1      | Reached skill level 2 in Ranged Weapons
   150 | D:1      | Reached XP level 2. HP: 22/23 MP: 3/3
   153 | D:1      | Learned a level 2 spell: Jinxbite
   249 | D:1      | Reached skill level 3 in Ranged Weapons
   361 | D:1      | Reached XP level 3. HP: 28/28 MP: 4/4
   612 | D:2      | Reached skill level 4 in Ranged Weapons
   612 | D:2      | Reached XP level 4. HP: 35/35 MP: 0/5
   910 | D:2      | Found a runed translucent door.
   911 | D:2      | Noticed Crazy Yiuf
   932 | D:2      | Noticed Jessica
   937 | D:2      | Killed Jessica
   938 | D:2      | Reached XP level 5. HP: 40/40 MP: 3/6
  1047 | D:2      | Noticed Natasha
  1053 | D:2      | Killed Natasha
  1054 | D:2      | Reached skill level 5 in Ranged Weapons
  1126 | D:2      | Noticed Natasha
  1136 | D:2      | Killed Natasha
  1208 | D:2      | Noticed Natasha
  1224 | D:2      | Killed Natasha
  1829 | D:3      | Found a faded altar of an unknown god.
  2248 | D:4      | Reached XP level 6. HP: 47/47 MP: 7/7
  2274 | D:4      | HP: 3/70 [poisoned by a scorpion]
  2541 | D:4      | Reached skill level 6 in Ranged Weapons
  2698 | D:4      | Found a glowing golden altar of the Shining One.
  2872 | D:4      | Found a sparkling altar of Nemelex Xobeh.
  2884 | D:4      | Noticed Edmund
  3337 | D:4      | Your scales start taking on a rich purple colour.
  3337 | D:4      | Reached XP level 7. HP: 56/56 MP: 8/8
  3749 | D:5      | Entered Level 5 of the Dungeon
  3775 | D:5      | Found a shadowy altar of Dithmenos.
  4189 | D:5      | Found a one-way gate to the infinite horrors of the Abyss.
  4189 | D:5      | Noticed zxspectator's ghost (novice GrFi)
  4269 | D:5      | Reached skill level 7 in Ranged Weapons
  4395 | D:5      | Found a transporter.
  4605 | D:5      | Found a blossoming altar of Fedhas.
  4608 | D:5      | Found an ancient bone altar of Kikubaaqudgha.
  4627 | D:5      | Became a worshipper of Fedhas Madash
  4800 | D:5      | Found a transporter.
  4858 | D:5      | Reached XP level 8. HP: 66/66 MP: 6/9
  4967 | D:5      | Found a staircase to the Ecumenical Temple.
  5082 | Temple   | Entered the Ecumenical Temple
  5216 | D:6      | Found a sand-covered staircase.
  5228 | Ossuary  | Entered an ossuary
  5228 | Ossuary  | Found a huge runed translucent gate.
  5228 | Ossuary  | Found a huge runed translucent gate.
  5228 | Ossuary  | Found a huge runed translucent gate.
  5228 | Ossuary  | Found a huge runed translucent gate.
  5228 | Ossuary  | Found a huge runed translucent gate.
  5228 | Ossuary  | Found a huge runed translucent gate.
  5228 | Ossuary  | Found a huge runed translucent gate.
  5228 | Ossuary  | Found a huge runed translucent gate.
  5229 | Ossuary  | Found a huge runed translucent gate.
  5229 | Ossuary  | Found a huge runed translucent gate.
  5229 | Ossuary  | Found a huge runed translucent gate.
  5230 | Ossuary  | Found a huge runed translucent gate.
  5230 | Ossuary  | Found a huge runed translucent gate.
  5232 | Ossuary  | Found a huge runed translucent gate.
  5232 | Ossuary  | Found a huge runed translucent gate.
  5279 | Ossuary  | Found a huge runed translucent gate.
  5279 | Ossuary  | Found a huge runed translucent gate.
  5279 | Ossuary  | Found a huge runed translucent gate.
  5279 | Ossuary  | Found a huge runed translucent gate.
  5279 | Ossuary  | Found a huge runed translucent gate.
  5280 | Ossuary  | Found a huge runed translucent gate.
  5280 | Ossuary  | Found a huge runed translucent gate.
  5282 | Ossuary  | Found a huge runed translucent gate.
  5282 | Ossuary  | Found a huge runed translucent gate.
  5283 | Ossuary  | Found a huge runed translucent gate.
  5283 | Ossuary  | Found a huge runed translucent gate.
  5284 | Ossuary  | Found a huge runed translucent gate.
  5284 | Ossuary  | Found a huge runed translucent gate.
  5328 | Ossuary  | Found a huge runed translucent gate.
  5328 | Ossuary  | Found a huge runed translucent gate.
  5332 | Ossuary  | Found a huge runed translucent gate.
  5332 | Ossuary  | Found a huge runed translucent gate.
  5332 | Ossuary  | Found a huge runed translucent gate.
  5332 | Ossuary  | Found a huge runed translucent gate.
  5332 | Ossuary  | Found a huge runed translucent gate.
  5593 | D:6      | Reached * piety under Fedhas
  5670 | D:6      | Reached skill level 8 in Ranged Weapons
  5949 | D:6      | Learned a level 3 spell: Sigil of Binding
  6080 | D:6      | Reached skill level 5 in Fighting
  6699 | D:7      | Found Ekelotz's Armour Shop.
  6735 | D:7      | Found Ijuaqeuj's Antique Armour Shop.
  6896 | D:7      | Reached XP level 9. HP: 69/74 MP: 12/12
  6955 | D:7      | Found Boxeck's Armour Boutique.
  7095 | D:7      | Reached ** piety under Fedhas
  7237 | D:7      | Found Tont's Antique Weapon Shop.
  7537 | D:2      | Killed Crazy Yiuf
  7810 | D:4      | Killed Edmund
  8069 | D:7      | Bought a runed orcbow for 201 gold pieces
  8083 | D:8      | Reached skill level 5 in Hexes
  8088 | D:8      | Paralysed by a hornet for 1 turns
  8094 | D:8      | Reached skill level 5 in Dodging
  8232 | D:8      | Found a flagged portal.
  8254 | Bailey   | Entered a bailey
  8272 | Bailey   | Reached skill level 9 in Ranged Weapons
  8272 | Bailey   | Reached skill level 1 in Invocations
  8965 | Bailey   | Identified the -1 tower shield "Jeusog" {Str+5 SInv}
  9088 | D:7      | Learned a level 3 spell: Inner Flame
  9208 | D:8      | Reached skill level 10 in Ranged Weapons
  9711 | D:9      | Reached XP level 10. HP: 61/83 MP: 10/14
  9916 | D:8      | Reached *** piety under Fedhas
 10197 | D:9      | Reached skill level 11 in Ranged Weapons
 10951 | D:10     | Entered Level 10 of the Dungeon
 11070 | D:9      | Reached skill level 12 in Ranged Weapons
 11294 | D:10     | Noticed an orange demon
 11636 | D:10     | Noticed Amaemon
 12098 | D:10     | Reached **** piety under Fedhas
 12194 | D:10     | Killed an orange demon
 12202 | D:10     | Killed Amaemon
 12203 | D:10     | Reached skill level 13 in Ranged Weapons
 12203 | D:10     | Reached XP level 11. HP: 54/89 MP: 15/15
 12423 | D:10     | Learned a level 4 spell: Cause Fear
 12428 | D:10     | Learned a level 4 spell: Dimensional Bullseye
 12545 | D:11     | You fall into a shaft and drop 2 floors!
 13013 | D:12     | Found a staircase to the Orcish Mines.
 13038 | D:12     | Noticed Snorg
 13128 | D:11     | Found a sacrificial altar of Ru.
 13193 | D:11     | Noticed a two-headed ogre
 13203 | D:11     | Killed a two-headed ogre
 13574 | D:11     | Noticed a two-headed ogre
 13578 | D:11     | Killed a two-headed ogre
 13605 | D:11     | Found a staircase to the Lair.
 13647 | D:11     | Reached skill level 14 in Ranged Weapons
 13765 | D:11     | Reached ***** piety under Fedhas
 14612 | D:12     | Noticed Fannar
 14693 | D:12     | Killed Fannar
 14694 | D:12     | Reached XP level 12. HP: 49/100 MP: 18/18
 14948 | D:12     | Found a snail-covered altar of Cheibriados.
 15237 | D:12     | Reached skill level 15 in Ranged Weapons
 15707 | D:5      | Killed zxspectator's ghost
 16014 | Lair:1   | Entered Level 1 of the Lair of Beasts
 16622 | Lair:1   | Noticed a death yak
 16622 | Lair:1   | Noticed a death yak
 16622 | Lair:1   | Noticed a death yak
 16642 | Lair:1   | Killed a death yak
 16644 | Lair:1   | Killed a death yak
 16652 | Lair:1   | Killed a death yak
 16653 | Lair:1   | Reached skill level 16 in Ranged Weapons
 17544 | Lair:2   | Found a hole to the Spider Nest.
 18009 | Lair:2   | Noticed Sonja
 18024 | Lair:2   | Killed Sonja
 18025 | Lair:2   | Reached XP level 13. HP: 55/107 MP: 19/19
 18210 | Lair:2   | Found a staircase to the Swamp.
 18785 | Lair:2   | Reached skill level 10 in Hexes
 18789 | Lair:2   | Reached skill level 1 in Translocations
 19036 | Lair:3   | You fall into a shaft and drop 1 floor!
 19074 | Lair:4   | Reached ****** piety under Fedhas
 19466 | Lair:3   | Reached skill level 5 in Translocations
 19807 | Lair:3   | Noticed nitefall's ghost (journeyman TrFi)
 19810 | Lair:3   | Found a transporter.
 19816 | Lair:3   | Found a transporter.
 20816 | Lair:4   | Found a viscous altar of Jiyva.
 20816 | Lair:4   | Found a staircase to the Slime Pits.
 21136 | Lair:5   | Entered Level 5 of the Lair of Beasts
 21191 | Lair:5   | Got Sif Muna's Octavo of the Coals
 21322 | Lair:5   | Found a dark tunnel.
 21340 | Volcano  | Entered a volcano
 21404 | Volcano  | Reached XP level 14. HP: 119/119 MP: 21/21
 21551 | Volcano  | Reached skill level 10 in Fighting
 21551 | Volcano  | Reached skill level 5 in Spellcasting
 21637 | Volcano  | Learned a level 3 spell: Teleport Other
 23779 | Lair:5   | Found the ring of the Octopus King
 23787 | Lair:5   | Identified a ring of the Octopus King {Wiz HP+2 AC+2 EV+2
                  | SH+2}
 23798 | Lair:5   | Identified the +5 trident "Arbiter" {holy, Dex+3}
 23821 | Lair:5   | Identified the +8 trident of the Shallot {venom, Dex+6}
 24149 | Lair:5   | Reached skill level 5 in Invocations
 25298 | D:13     | Identified the +0 pair of boots of Muttered Phrases
                  | {*Corrode rPois Regen+ SInv}
 25507 | D:13     | Noticed Lodul
 25515 | D:13     | Killed Lodul
 25935 | D:12     | Killed Snorg
 26002 | D:12     | Learned a level 2 spell: Blink
 26023 | Orc:1    | Entered Level 1 of the Orcish Mines
 26122 | Orc:1    | Found Zurrovar's Magic Scroll Boutique.
 26166 | Orc:1    | Found Daguopn's Distillery.
 26393 | Orc:1    | Found Qowken's Antique Weapon Shop.
 26454 | Orc:1    | Found Zudokixt's Jewellery Emporium.
 26474 | Orc:1    | Found Zerokig's Antique Weapon Shop.
 26627 | Orc:2    | Entered Level 2 of the Orcish Mines
 26661 | Orc:2    | Noticed Jorgrun
 26677 | Orc:2    | Killed Jorgrun
 26678 | Orc:2    | Reached XP level 15. HP: 59/132 MP: 19/22
 26975 | Orc:2    | Found a staircase to the Elven Halls.
 28080 | Orc:2    | Reached skill level 10 in Dodging
 28270 | Orc:2    | Found Ejuhit's Antique Weapon Shop.
 28270 | Orc:2    | Found Daqyel's Book Shop.
 28271 | Orc:2    | Found Pealaeqif's Armour Boutique.
 28271 | Orc:2    | Found Boocecot's Armour Shop.
 28433 | Orc:1    | Bought a potion of heal wounds for 60 gold pieces
 28520 | D:14     | Noticed Nessos
 28520 | D:14     | Noticed Rupert
 28520 | D:14     | Found a gate to the Vaults.
 28559 | D:14     | Killed Rupert
 28565 | D:14     | Killed Nessos
 28584 | D:14     | Reached skill level 17 in Ranged Weapons
 28628 | D:14     | Identified the +0 helmet of Eptoef {rPois rF+ Will- rCorr}
 28897 | D:14     | Noticed Josephine
 28903 | D:14     | Killed Josephine
 29019 | D:14     | Found a shimmering blue altar of Sif Muna.
 29618 | D:15     | Entered Level 15 of the Dungeon
 29916 | D:15     | Found a staircase to the Depths.
 29918 | D:15     | Identified the +4 trident of the Breathing Oracle {heavy,
                  | rElec Str+4 Int+2 Dex+2}
 30087 | D:15     | Found Qoalod's Mayhem Merchandise.
 30316 | D:15     | Found a radiant altar of Vehumet.
 31117 | Swamp:1  | Entered Level 1 of the Swamp
 31122 | Swamp:1  | Reached skill level 18 in Ranged Weapons
 32053 | Swamp:2  | Reached XP level 16. HP: 139/139 MP: 23/23
 32264 | Swamp:2  | Noticed a thorn hunter
 32288 | Swamp:2  | Killed a thorn hunter
 32530 | Swamp:2  | Reached skill level 10 in Invocations
 33247 | Orc:1    | Bought the ring "Teash" {Str+4 Dex+2 Slay+4} for 1366 gold
                  | pieces
 33249 | Orc:1    | Bought an amulet of the acrobat for 420 gold pieces
 33919 | Swamp:4  | Entered Level 4 of the Swamp
 34114 | Swamp:4  | Noticed a thorn hunter
 34239 | Swamp:4  | Reached skill level 10 in Translocations
 35277 | Swamp:4  | Noticed the 27-headed Lernaean hydra
 35283 | Swamp:4  | Killed the 27-headed Lernaean hydra
 35516 | Swamp:4  | Got a decaying rune of Zot
 35764 | Spider:1 | Entered Level 1 of the Spider Nest
 35764 | Spider:1 | Noticed Frances
 36067 | Lair:2   | Killed Frances
 36493 | Vaults:1 | Entered Level 1 of the Vaults
 36586 | Vaults:1 | Reached XP level 17. HP: 148/148 MP: 26/26
 36909 | Orc:1    | Bought a scroll of identify for 22 gold pieces
 36910 | Orc:1    | Bought a scroll of identify for 22 gold pieces
 36910 | Orc:1    | Bought a scroll of identify for 22 gold pieces
 36913 | Orc:1    | Bought a scroll of revelation for 82 gold pieces
 36913 | Orc:1    | Bought a scroll of revelation for 82 gold pieces
 36913 | Orc:1    | Bought a scroll of fog for 44 gold pieces
 36913 | Orc:1    | Bought a scroll of fear for 44 gold pieces
 36950 | Orc:1    | Bought a potion of invisibility for 96 gold pieces
 36950 | Orc:1    | Bought a potion of magic for 96 gold pieces
 38255 | Vaults:1 | Learned a level 6 spell: Dispersal
 38476 | Vaults:2 | Noticed Saint Roka
 38488 | Vaults:2 | Killed from afar by Saint Roka

Illustrated notes

Levels and vault maps discovered:
D:1:      evilmike_arrival_fibonacci_small, layout_rooms
D:2:      layout_rooms, uniq_jessica, uniq_crazy_yiuf_cottage, uniq_natasha
D:3:      layout_rooms, shapermc_ecumenical_altar_ellora
D:4:      minmay_thinvault, layout_loops_ring, nemelex_spade_bored_becter,
          mainiacjoe_overflow_small_starburst, minmay_manual_mess, uniq_edmund
D:5:      layout_basic, grunt_temple_overflow_growth_and_decay,
          mainiacjoe_overflow_catwalk, minmay_temple_entry_poolview,
          gammafunk_ghost_abyssal_escape
D:6:      layout_loops_ring, gup_ossuary_entry_pyramid
D:7:      layout_loops_ring, serial_shops, shop, shop, nicolae_shop_trees, shop
D:8:      layout_rooms, enter_bailey_6, minmay_orc_keep
D:9:      layout_roguey
D:10:     layout_basic, bh_walls_and_bars, uniq_amaemon
D:11:     layout_rooms, minmay_lair_entry_grove,
          nicolae_ru_great_annihilating_truth
D:12:     cheibrodos_magma_flow, layout_loops_corners, hiddenorc1_lemuel,
          slow_altar_2, uniq_snorg, uniq_fannar
D:13:     layout_irregular_city, portal_ice_cave_entry_pillars_1, uniq_lodul
D:14:     layout_loops_corners, david_vaults_3, chequers_hall_statues_corner_a,
          chequers_serial_rivers_marsh, led_sif_book, uniq_josephine
D:15:     grunt_enter_depths_hoard, layout_loops_ring, vehumet_crystals,
          chequers_jeans, chequers_hall_statues_wall_a, minmay_shop_mayhem,
          uniq_nessos
Temple:   minmay_temple_bridge_d
Lair:1:   layout_cave_pods
Lair:2:   layout_long_grid, minmay_swamp_entry_worms,
          nicolae_spider_entry_lesser_pyramids, uniq_sonja
Lair:3:   layout_roguey, nzn_ghost_randoct
Lair:4:   layout_roguey [special_room_mythical_zoo], dpeg_slime_entry_enclosed
Lair:5:   gammafunk_lair_ancient_temple, layout_small_grid,
          lightli_volcano_entry_magma_tube, infiniplex_staircase_pool_2
Swamp:1:  layout_basic_swamp, nicolae_swamp_reclaimed_castle, swamp_pool_1_2,
          nicolae_swamp_treefoil
Swamp:2:  layout_basic_swamp, hangedman_swamp_blocks, swamp_pool_1_2
Swamp:3:  layout_basic_swamp, nicolae_swamp_little_tower
Swamp:4:  swamp_old_school, layout_basic_swamp, swamp_pool_5
Spider:1: layout_spider_delve, gammafunk_ghost_tricky_traps, uniq_mlioglotl,
          uniq_rupert, uniq_frances
Orc:1:    layout_diamond_mine, serial_shops, nicolae_shop_gaudy_bauble,
          nicolae_shop_peninsula, nicolae_shop_real_fake_doors,
          nicolae_shop_trees, shop
Orc:2:    st_orc_pillars, layout_diamond_mine, uniq_jorgrun
Vaults:1: nicolae_vaults_frosty_reception, vaults_mumra_minichess_inversion,
          vaults_dpeg_doors, nicolae_vaults_house_2, vaults_room_pools,
          nicolae_vaults_tetromino_T_2, hangedman_vaults_stretched_pinwheel,
          nicolae_vaults_tetromino_L_2, nicolae_vaults_tetromino_Z_1,
          layout_vaults_omnigrid
Vaults:2: nicolae_vaults_shrinking_rooms_1, nicolae_vaults_octothorpe,
          nicolae_vaults_trapezoid_3, nicolae_vaults_stepped_doors,
          vaults_mumra_hex, hangedman_vaults_slice, v_misc_15,
          nicolae_vaults_house_2, vaults_room_hallway, ontoclasm_vaults_eye,
          nicolae_vaults_heart-shaped_vault, nicolae_vaults_rhombus_6,
          nicolae_vaults_tetromino_T_2, vaults_dpeg_emergency_exit,
          layout_vaults_ring, serial_magic_research, hangedman_research_geology,
          hangedman_research_pyrotechnics, hangedman_research_toxicology,
          serial_shops, nicolae_shop_rolling_square, uniq_saint_roka

Skill      XL: |  1  2  3  4  5  6  7  8  9 10 11 12 13 14 15 16 17 |
---------------+----------------------------------------------------+-----
Ranged Weapons | 2 3 4 5 6 7 8 10 13 14 16 18 | 18.0
Dodging        | 2 3 4 5 6 8 9 10 11 | 11.0
Fighting       | 2 3 5 6 7 8 9 11 12 13 | 13.1
Hexes          | 3 4 5 6 7 8 10 11 12 13 | 13.1
Spellcasting   | 2 3 4 5 6 7 |  7.0
Invocations    | 2 4 6 8 12 13 | 13.1
Fire Magic     | 2 |  2.0
Translocations | 6 8 9 10 | 10.1

Action                     |  1- 3 |  4- 6 |  7- 9 | 10-12 | 13-15 | 16-18 || total
---------------------------+-------+-------+-------+-------+-------+-------++-------
  Melee: Hand axe          |       |       |     6 |       |       |       ||     6
         Tailslap          |       |       |     1 |       |       |       ||     1
         Punch             |       |       |     1 |       |       |       ||     1
   Fire: Sling             |    85 |   214 |   259 |       |       |       ||   558
         Shortbow          |       |       |   182 |       |       |       ||   182
         Orcbow            |       |       |    71 |   793 |  1242 |       ||  2106
         Arbalest          |       |       |       |       |    94 |   556 ||   650
  Throw: Dart              |       |       |       |       |     2 |       ||     2
   Cast: Jinxbite          |     4 |     9 |    17 |    22 |     2 |       ||    54
         Sigil of Binding  |       |       |     2 |       |     1 |     1 ||     4
         Inner Flame       |       |       |       |     1 |     1 |       ||     2
         Dimensional Bulls |       |       |       |       |    61 |    32 ||    93
         Cause Fear        |       |       |       |       |     1 |       ||     1
 Invoke: Wall of Briars    |       |       |       |       |     2 |     1 ||     3
         Grow Oklob        |       |       |       |       |       |     1 ||     1
Ability: Breathe Dispellin |       |       |     1 |       |       |       ||     1
  Evoke: Wand              |       |       |       |     1 |     4 |       ||     5
    Use: Scroll            |       |     6 |    15 |     1 |    13 |     7 ||    42
         Potion            |       |     2 |     2 |     1 |     2 |       ||     7
 Armour: Skin              |    10 |    92 |   184 |   211 |   433 |   252 ||  1182
  Dodge: Dodged            |    20 |    91 |   251 |   269 |   676 |   435 ||  1742
  Block: Other             |       |       |       |       |    16 |    35 ||    51
